 Dungeon Crawl Stone Soup version 0.19-a0-1886-gd64a0f0 (webtiles) character file.

191 JeffiDaFish the Sneak (level 5, -4/38 HPs)
             Began as a Vampire Enchanter on Oct 15, 2016.
             Slain by Bolverk's ghost (20 damage)
             ... on level 4 of the Dungeon.
             The game lasted 00:16:47 (3542 turns).

JeffiDaFish the Sneak (Vampire Enchanter)           Turns: 3542, Time: 00:16:47

Health: -4/38      AC:  3    Str:  8    XL:     5   Next: 42%
Magic:  2/8        EV: 11    Int: 17    God:
Gold:   146        SH:  0    Dex: 15    Spells: 4 memorised, 2 levels left

rFire  . . .     SeeInvis +     h - +0 dagger (vamp)
rCold  . . .     Gourm    .     i - +1 animal skin
rNeg   + . .     Faith    .     (no shield)
rPois  .         Spirit   .     (no helmet)
rElec  .         Dismiss  +     (no cloak)
rCorr  .         Reflect  .     (no gloves)
MR     .....     Harm     .     (no boots)
Stlth  +++.......               g - amulet of dismissal
                                (no ring)
                                l - -2 ring of evasion (curse)

@: no status effects
A: fangs 3, see invisible, unbreathing
a: Bat Form


You were on level 4 of the Dungeon.
You were not thirsty.

You visited 1 branch of the dungeon, and saw 4 of its levels.

You collected 146 gold pieces.

Inventory:

Hand Weapons
 a - a +1 dagger
 h - a +0 vampiric dagger (weapon)
Armour
 b - a +1 robe
 i - a +1 animal skin (worn)
Jewellery
 g - an amulet of dismissal (around neck)
 l - a cursed -2 ring of evasion (left hand)
Scrolls
 e - 2 scrolls of teleportation
 m - a scroll of remove curse
 n - a scroll of identify
Potions
 d - 12 potions of blood
 f - a potion of resistance
 j - a potion of haste
Books
 c - a book of Maledictions

   Spells                             Type                      Level
   a - Corona                         Hexes                        1
   b - Ensorcelled Hibernation        Hexes/Ice                    2
   c - Confuse                        Hexes                        3
   d - Tukima's Dance                 Hexes                        3
   e - Dazzling Spray                 Conjuration/Hexes            3
 k - a book of Cantrips

   Spells                             Type                      Level
   a - Confusing Touch                Hexes                        1
   b - Animate Skeleton               Necromancy                   1
   c - Summon Small Mammal            Summoning                    1
   d - Apportation                    Translocation                1


   Skills:
 * Level 2.1 Fighting
 + Level 2.1 Short Blades
 + Level 2.5 Dodging
 * Level 5.6 Stealth
 + Level 2.6 Spellcasting
 + Level 5.6 Hexes
 + Level 1.1 Ice Magic


You had 2 spell levels left.
You knew the following spells:

 Your Spells              Type           Power        Failure   Level  Hunger
a - Corona                Hex            ###....      1%          1    #......
b - Ensorcelled Hibernat  Hex/Ice        ##....       10%         2    ##.....
c - Confuse               Hex            ###.....     8%          3    ###....
d - Animate Skeleton      Necr           N/A          21%         1    #......


Dungeon Overview and Level Annotations

Branches:
Dungeon (4/15)
 Temple: D:4-7

Altars:
Fedhas

Annotations:
D:4 Bolverk's ghost, amateur HOMo


Innate Abilities, Weirdness & Mutations

You have razor-sharp teeth.
You have supernaturally acute eyesight. (SInv)
You can survive without breathing.


Message History

Bolverk's ghost turns its malevolent gaze towards you.
Bolverk's ghost easily resists.
Casting: Confuse
Confirm with . or Enter, or press ? or * to list all spells.
Aiming: Confuse
Press: ? - help, Shift-Dir - straight line, f/p - Bolverk's ghost
Aim: Bolverk's ghost (chance to defeat MR: 33%) Bolverk's ghost easily resists.
Bolverk's ghost hits you.
Casting: Confuse
Confirm with . or Enter, or press ? or * to list all spells.
You don't have enough magic to cast that spell.
Unknown command.
You barely miss Bolverk's ghost.
Bolverk's ghost screams, "You must not succeed where I failed!"
Bolverk's ghost closely misses you.
You hit Bolverk's ghost but do no damage.
Bolverk's ghost hits you!
You barely miss Bolverk's ghost. Bolverk's ghost hits you!!
Ouch! That really hurt!
You die...

#.........##.##..#
+........##...##....
#.......##8...8######
##<.....#.......#
##.....#.<.8.<.#
##...##.......#
########'####8.<.8##
#........# ##...##
#.#####@.# #####
......W..#
....###...# #. .....#
(...... ....###..
##..# ... ...# ..


You could see Bolverk's ghost.

Vanquished Creatures
  A hound (D:4)
  A hound skeleton (D:4)
  Robin (D:2)
  5 adders
  2 oozes
  3 worms
  2 dart slugs
  An orc (D:3)
  4 bats
  5 giant cockroaches
  16 goblins
  8 hobgoblins
  3 jackals (D:2)
  A kobold (D:1)
  2 quokkas
  4 ball pythons
  4 frilled lizards
  7 rats
70 creatures vanquished.

Notes
Turn   | Place    | Note
-------+----------+-------------------------------------------
     0 | D:1      | JeffiDaFish the Vampire Enchanter began the quest for the Orb.
     0 | D:1      | Reached XP level 1. HP: 13/13 MP: 3/3
   496 | D:1      | Reached XP level 2. HP: 17/19 MP: 5/5
   503 | D:1      | Learned a level 2 spell: Ensorcelled Hibernation
  1227 | D:2      | Reached skill level 5 in Stealth
  1227 | D:2      | Reached skill level 5 in Hexes
  1271 | D:2      | Reached XP level 3. HP: 25/25 MP: 1/6
  1503 | D:2      | Noticed Robin
  1910 | D:2      | Reached XP level 4. HP: 11/31 MP: 0/7
  2174 | D:2      | Reached skill level 1 in Fighting
  2207 | D:2      | Learned a level 3 spell: Confuse
  2316 | D:2      | Killed Robin
  2750 | D:3      | Learned a level 1 spell: Animate Skeleton
  3068 | D:3      | Reached skill level 1 in Ice Magic
  3068 | D:3      | Reached XP level 5. HP: 36/37 MP: 1/8
  3484 | D:4      | Found a blossoming altar of Fedhas.
  3536 | D:4      | Noticed Bolverk's ghost (amateur HOMo)
  3542 | D:4      | Slain by Bolverk's ghost

Vault maps used:
D:1:      shiori_arrival_elements
D:2:      minmay_pentomino_p2, uniq_robin
D:4:      fedhas_altar_1, lemuel_crystal_altar, kennysheep_mini, serial_shops,
          nicolae_shop_crystal, grunt_ministairs_7, uniq_natasha

Skill      XL: |  1  2  3  4  5 |
---------------+----------------+-----
Stealth        | 5 |  5.6
Hexes          | 5 |  5.6
Fighting       | 1 2 |  2.1
Short Blades   | 2 |  2.1
Ice Magic      | 1 |  1.1
Dodging        | |  2.5
Spellcasting   | |  2.6

Action                   |  1- 3 |  4- 6 || total
-------------------------+-------+-------++-------
Melee: Dagger            |   127 |   159 ||   286
       Bite              |     8 |    14 ||    22
 Cast: Ensorcelled Hiber |     7 |     6 ||    13
       Confuse           |       |     2 ||     2
  Use: Scroll            |     4 |     3 ||     7
       Potion            |     7 |     9 ||    16
 Stab: Sleeping          |     7 |    12 ||    19
       Distracted        |     1 |       ||     1
Armor: Robe              |    25 |     7 ||    32
       Animal skin       |       |    10 ||    10
Dodge: Dodged            |    98 |    89 ||   187
